 Dungeon Crawl Stone Soup version 0.14-a0-392-gc633370 (webtiles) character file.

1588 Retan the Ducker (level 8, -4/69 HPs)
             Began as a Minotaur Berserker on Oct 26, 2013.
             Was a Priest of Trog.
             Slain by a wight
             ... wielding a +3,+2 great mace
              (15 damage)
             ... on Level 5 of the Dungeon.
             The game lasted 00:47:02 (4568 turns).

Retan the Ducker (Minotaur Berserker)               Turns: 4568, Time: 00:47:02

HP  -4/69        AC  7     Str 23 (24) XL: 8   Next: 35%
MP   2/2         EV 12     Int  4      God: Trog [***...]
Gold 252         SH  0     Dex 10 (12) Spells:  0 memorised,  7 levels left

Res.Fire  : . . .   See Invis. : .   v - -3,-1 dwarf hand axe (curse)
Res.Cold  : . . .   Warding    : .   i - +1 orc ring mail {MR+}
Life Prot.: . . .   Conserve   : .   (no shield)
Res.Poison: .       Res.Corr.  : .   (helmet unavailable)
Res.Elec. : .       Clarity    : .   (no cloak)
Sust.Abil.: . .     Spirit.Shd : .   (no gloves)
Res.Mut.  : .       Stasis     : .   (no boots)
Res.Rott. : .       Flight     : .   (no amulet)
Saprovore : . . .                    (no ring)
                                     f - cursed ring of protection from magic {unknown}

@: exhausted, slowed, very slow, very resistant to hostile enchantments, very
unstealthy
A: retaliatory headbutt, fangs 1, horns 3, Dex +2
a: Burn Spellbooks, Berserk, Trog's Hand, Renounce Religion


You were on level 5 of the Dungeon.
You worshipped Trog.
Trog was most pleased with you.
You were hungry.

You visited 1 branch of the dungeon, and saw 5 of its levels.

You collected 232 gold pieces.

Inventory:

Hand weapons
 a - a +0,+0 mace
 e - a +0,+0 whip
 h - a +0,+0 scythe of slicing
 l - a +0,+0 whip
 m - a +0,+0 dwarven hand axe
 p - a +0,+0 whip
 q - a +1,+1 orcish flail
 u - a +1,+0 whip
 v - a cursed -3,-1 dwarven hand axe (weapon)
 w - a +0,+1 orcish whip
 x - the +0,+0 Sword of Power
   (You found it on level 4 of the Dungeon)
Missiles
 r - 2 tomahawks (quivered)
Armour
 b - a +0 animal skin
 d - a +0 ring mail
 i - a +1 orcish ring mail of magic resistance (worn)
Magical devices
 k - a wand of slowing (13) {unknown}
 y - a wand of magic darts (7)
Scrolls
 c - a scroll of blinking
 s - 2 scrolls of teleportation
 t - a scroll of identify
Jewellery
 f - a cursed ring of protection from magic (left hand) {unknown}
 n - a cursed ring of hunger
Potions
 g - 2 potions of curing
 j - a potion of speed


   Skills:
 + Level 6.1 Fighting
 + Level 4.2 Axes
 + Level 5.5 Maces & Flails
 + Level 1.4 Polearms
 + Level 6.3 Armour
 + Level 7.0 Dodging
 + Level 1.5 Stealth


You had 7 spell levels left.
You didn't know any spells.

Dungeon Overview and Level Annotations

Branches:
Dungeon (5/27)
 Temple: D:4-7

Altars:
Fedhas
Makhleb
Vehumet
Xom

Shops:
D:4 (


Innate Abilities, Weirdness & Mutations

You reflexively headbutt those who attack you in melee.
You have a pair of large horns on your head.
You have very sharp teeth.
You are agile. (Dex +2)


Message History

You hit the wight but do no damage. The centaur closely misses you.
The wight completely misses you. You furiously retaliate!
You headbutt the wight! The centaur hits you.
You hit the wight but do no damage.
The wight is almost destroyed.
You hit the centaur but do no damage.
The centaur is lightly wounded.
The centaur hits you! The wight hits you with a great mace!
The centaur closely misses you. The wight misses you.
You hit the centaur. You bite the centaur, but do no damage.
The centaur is moderately wounded.
You closely miss the wight.
The wight is almost destroyed.
The centaur hits you!
* * * LOW HITPOINT WARNING * * *
The wight closely misses you. The centaur barely misses you.
The wight hits you from afar with a runed halberd.
* * * LOW HITPOINT WARNING * * *
The centaur barely misses you. The wight hits you with a great mace!
You die...

. ... ... .. ..
#. #z#
##c#########
#$.@.......# #.
#..z......<# #.
#..........#
#.##..........#
#............##
#..[.........#
#............#
#............#
#...%........#


You could see a centaur and 2 wights.

Vanquished Creatures
  Grinder (D:3)
  Eustachio (D:4)
  Menkaure (D:4)
  A phantom (D:3)
  An ogre (D:4)
  A centaur (D:5)
  Sigmund (D:2)
  2 wights (D:5)
  2 quasits (D:4)
  2 hounds
  2 crimson imps
  An iron imp (D:4)
  An orc priest (D:4)
  An iguana (D:4)
  An orc wizard (D:4)
  3 worker ants (D:4)
  3 adders (D:2)
  4 gnolls (D:4)
  2 shadow imps (D:4)
  A giant mite (D:3)
  5 worms
  An ufetubus (D:4)
  11 orcs
  2 ball pythons
  7 giant cockroaches
  11 hobgoblins
  3 jackals (D:4)
  11 kobolds
  A quokka (D:3)
  10 bats
  4 giant geckos
  2 giant newts
  14 goblins
  A goblin skeleton (D:5)
  4 rats
119 creatures vanquished.

Notes
Turn   | Place    | Note
--------------------------------------------------------------
     0 | D:1      | Retan, the Minotaur Berserker, began the quest for the Orb.
     0 | D:1      | Reached XP level 1. HP: 19/19 MP: 0/0
    60 | D:1      | Reached skill level 4 in Maces & Flails
    94 | D:1      | Reached XP level 2. HP: 10/26 MP: 0/0
   570 | D:1      | Acquired Trog's second power
   624 | D:1      | Reached XP level 3. HP: 33/33 MP: 1/1
   781 | D:2      | Noticed Sigmund
   797 | D:2      | Killed Sigmund
   797 | D:2      | Reached XP level 4. HP: 33/40 MP: 1/1
  1059 | D:2      | Reached skill level 5 in Maces & Flails
  1172 | D:2      | Reached XP level 5. HP: 44/46 MP: 1/1
  1455 | D:2      | Gained mutation: You have very sharp teeth. [potion of mutation]
  1455 | D:2      | Gained mutation: You have a pair of large horns on your head. [potion of mutation]
  1455 | D:2      | Gained mutation: You are agile. (Dex +2) [potion of mutation]
  1456 | D:2      | Paralysed by a potion of paralysis for 2 turns
  1658 | D:3      | Found a burning altar of Makhleb.
  1904 | D:3      | Noticed a phantom
  1941 | D:3      | Killed a phantom
  1941 | D:3      | Reached skill level 1 in Stealth
  1941 | D:3      | Reached XP level 6. HP: 11/53 MP: 2/2
  2196 | D:3      | Noticed Grinder
  2218 | D:3      | Killed Grinder
  2218 | D:3      | Reached skill level 5 in Fighting
  2218 | D:3      | Reached skill level 1 in Axes
  2218 | D:3      | Reached skill level 1 in Polearms
  2218 | D:3      | Reached skill level 5 in Armour
  2350 | D:4      | Reached XP level 7. HP: 41/60 MP: 2/2
  2408 | D:4      | HP: 3/60 [poison (a potion of poison)]
  2811 | D:4      | Found Plog's Weapon Emporium.
  2816 | D:4      | Noticed Eustachio
  2845 | D:4      | Killed Eustachio
  2845 | D:4      | Reached skill level 5 in Dodging
  3000 | D:4      | Noticed Menkaure
  3007 | D:4      | Killed Menkaure
  3424 | D:4      | Found a blossoming altar of Fedhas.
  3481 | D:4      | Reached skill level 6 in Dodging
  3735 | D:4      | Reached XP level 8. HP: 60/68 MP: 2/2
  4151 | D:5      | Entered Level 5 of the Dungeon
  4333 | D:5      | Found a radiant altar of Vehumet.
  4333 | D:5      | Found a shimmering altar of Xom.
  4506 | D:5      | Reached skill level 7 in Dodging
  4568 | D:5      | Slain by a wight

Action                   |  1- 3 |  4- 6 |  7- 9 || total
-------------------------+-------+-------+-------++-------
Melee: Mace              |    55 |    29 |       ||    84
       Hand axe          |       |    44 |   190 ||   234
       Scythe            |       |    17 |       ||    17
       Flail             |       |     3 |       ||     3
Invok: Berserk           |     1 |     2 |     4 ||     7
       Trog's Hand       |       |     2 |     2 ||     4
  Use: Scroll            |     4 |     6 |     1 ||    11
       Potion            |     4 |     4 |     3 ||    11
 Stab: Invisible         |     2 |       |       ||     2
